 Dungeon Crawl Stone Soup version 0.26.1-11-gd32895ea62 (webtiles) character file.

Game seed: 331515406099887457

475 dtburroughs the Skirmisher (level 6, 0/56 HPs)
             Began as a Minotaur Berserker on May 7, 2021.
             Was a Believer of Trog.
             Killed from afar by a hobgoblin (2 damage)
             ... with a puff of flame
             ... on level 5 of the Dungeon.
             The game lasted 00:06:32 (3659 turns).

dtburroughs the Skirmisher (Minotaur Berserker)     Turns: 3659, Time: 00:06:33

Health: 0/56       AC:  8    Str: 21    XL:     6   Next: 84%
Magic:  5/5        EV: 11    Int:  6    God:    Trog [**....]
Gold:   234        SH:  0    Dex: 10    Spells: 5/5 levels left

rFire    + . .     SeeInvis .   t - +0 flail (drain)
rCold    . . .     Faith    .   (no shield)
rNeg     . . .     Spirit   .   q - +1 scale mail {rF+}
rPois    .         Reflect  .   (helmet restricted)
rElec    .         Harm     .   (no cloak)
rCorr    .         Rampage  .   (no gloves)
Will     .....                  (no boots)
Stlth    ..........             (no amulet)
HPRegen  0.18/turn              (no ring)
MPRegen  0.09/turn              (no ring)

@: lethally poisoned (0 -> 0), berserk cooldown, slowed, very slow
A: retaliatory headbutt, horns 2
a: Renounce Religion, Berserk, Trog's Hand


You were on level 5 of the Dungeon.
You worshipped Trog.
Trog was pleased with you.
You visited 1 branch of the dungeon, and saw 5 of its levels.

You collected 234 gold pieces.

Inventory:

Hand Weapons
 a - a +0 hand axe
 e - a +3 whip
 m - a +2 whip of electrocution
 t - a +0 flail of draining (weapon)
 x - a +1 whip of pain
Armour
 q - a +1 scale mail of fire resistance (worn)
 s - a +0 chain mail
Jewellery
 k - an uncursed ring of wizardry {unknown}
 o - a +4 ring of protection {unknown}
 r - a cursed ring of teleportation {unknown}
 u - an uncursed ring of willpower {unknown}
Wands
 f - a wand of enslavement (5)
Scrolls
 b - 2 scrolls of magic mapping
 c - 3 scrolls of enchant weapon
 d - 2 scrolls of immolation {unknown}
 h - 2 scrolls of enchant armour
 v - a scroll of teleportation {unknown}
 w - a scroll of fear {unknown}
 y - a scroll of blinking {unknown}
 A - 2 scrolls of random uselessness {unknown}
Potions
 g - 3 potions of flight {unknown}
 i - a potion of ambrosia {unknown}
 j - a potion of heal wounds {unknown}
 l - a potion of might {unknown}
 n - a potion of attraction {unknown}
 p - 2 potions of haste {unknown}
 z - 2 potions of curing {unknown}
 B - a potion of berserk rage {unknown}


   Skills:
 + Level 5.6 Fighting
 + Level 5.5 Axes
 + Level 4.9 Armour
 + Level 4.4 Dodging


You had 5 spell levels left.
You didn't know any spells.
Your spell library was empty.

Dungeon Overview and Level Annotations

Branches:
Dungeon (5/15)             Temple (0/1) D:4

Altars:
Dithmenos
Hepliaklqana
Trog
Xom
Yredelemnul

Shops:
D:4 =


Innate Abilities, Weirdness & Mutations

You reflexively headbutt those who attack you in melee.
You have a pair of horns on your head.


Message History

The hobgoblin hits you but does no damage.
The orc wizard casts a spell.
The orc wizard blinks!
You feel a strong urge to attack something.
You are no longer berserk.
You are exhausted.
You feel yourself slow down. The orc barely misses you.
You furiously retaliate!
You headbutt the orc, but do no damage.
The hobgoblin zaps a wand.
The puff of flame hits you. You resist.
* * * LOW HITPOINT WARNING * * *
You see here a +0 mace.
You hit the orc but do no damage. You drain the orc.
The orc is heavily wounded.
You feel sick. The hound bites you.
* * * LOW HITPOINT WARNING * * *
The hobgoblin hits you but does no damage.
The orc barely misses you. The hound barely misses you.
The hound bites you but does no damage.
The hobgoblin zaps a wand.
The puff of flame hits you. You resist.
You die...

#### ...
###ยง#############
#..oo@h.........#
#.###.g.........#
#S..........#
.............(#
#S............######
.....................
...#...##.......######
.......##.......#
....#+####


You could see a hound, an orc wizard (fast, drained), an adder, an orc (drained)
and a hobgoblin.

Vanquished Creatures
  A scorpion (D:5)
  3 howler monkeys
  A hound (D:4)
  An orc wizard (D:5)
  Terence (D:2)
  4 worker ants
  Ijyb (D:4)
  A hound skeleton (D:4)
  4 adders
  An ooze (D:4)
  A worm (D:4)
  An adder skeleton (D:4)
  4 dart slugs
  4 leopard geckos
  3 orcs
  9 bats
  A giant cockroach (D:3)
  4 goblins
  4 hobgoblins
  4 jackals (D:1)
  8 kobolds
  A quokka (D:4)
  A ball python (D:3)
  5 frilled lizards
  2 leopard gecko skeletons (D:4)
  7 rats
77 creatures vanquished.

Vanquished Creatures (others)
  A scorpion (D:4)
  An orc wizard (D:4)
  A worker ant (D:4)
  An orc (D:4)
4 creatures vanquished.

Grand Total: 81 creatures vanquished

Notes
Turn   | Place    | Note
-------+----------+-------------------------------------------
     0 | D:1      | dtburroughs the Minotaur Berserker began the quest for the
                  | Orb.
     0 | D:1      | Reached XP level 1. HP: 19/19 MP: 0/0
   154 | D:1      | Reached XP level 2. HP: 19/27 MP: 1/1
  1171 | D:2      | Reached ** piety under Trog
  1288 | D:2      | Found a bloodstained altar of Trog.
  1294 | D:2      | Found a basalt altar of Yredelemnul.
  1297 | D:2      | Reached XP level 3. HP: 22/33 MP: 2/2
  1846 | D:2      | Found a shadowy altar of Dithmenos.
  1872 | D:2      | Found a hazy altar of Hepliaklqana.
  1985 | D:2      | Noticed Terence
  1997 | D:2      | Killed Terence
  1998 | D:2      | Reached XP level 4. HP: 39/41 MP: 3/3
  2821 | D:4      | Reached XP level 5. HP: 38/47 MP: 4/4
  2836 | D:4      | Reached skill level 5 in Axes
  2854 | D:4      | Reached skill level 5 in Fighting
  2889 | D:4      | Reached XP level 6. HP: 32/56 MP: 5/5
  2976 | D:4      | Noticed Ijyb
  3075 | D:4      | Killed Ijyb
  3177 | D:4      | Found a staircase to the Ecumenical Temple.
  3226 | D:4      | Found a shimmering altar of Xom.
  3239 | D:4      | Found Haufy's Jewellery Boutique.
  3562 | D:5      | Entered Level 5 of the Dungeon
  3659 | D:5      | HP: 2/56 [hound (5)]
  3659 | D:5      | Killed from afar by a hobgoblin

Illustrated notes

Levels and vault maps discovered:
D:1:      dpeg_arrival_shelter, layout_loops_ring
D:2:      layout_loops_ring, gammafunk_temple_overflow_pools,
          nzn_hepliaklqana_mist_gate, minivault_19,
          nicolae_dithmenos_shadow_blocks, uniq_terence
D:3:      layout_rooms
D:4:      layout_cave_pools, xom_confusion_cloud, minmay_temple_entry_tees,
          serial_shops, shop, uniq_ijyb
D:5:      layout_basic, chequers_serial_rivers_room_b, vehumet_altar_wand_db

Skill      XL: |  1  2  3  4  5  6 |
---------------+-------------------+-----
Axes           | 4 5 |  5.5
Fighting       | 4 5 |  5.6
Armour         | 3 4 |  4.9
Dodging        | 3 4 |  4.4

Action                   |  1- 3 |  4- 6 || total
-------------------------+-------+-------++-------
Melee: Hand axe          |    73 |    23 ||    96
       Headbutt          |    15 |    20 ||    35
       Flail             |       |    75 ||    75
Invok: Berserk           |       |     1 ||     1
       Trog's Hand       |       |     1 ||     1
  Use: Scroll            |       |     4 ||     4
Armor: Leather armour    |     3 |       ||     3
       Scale mail        |    18 |    57 ||    75
Dodge: Dodged            |    44 |    80 ||   124
